 Dungeon Crawl Stone Soup version 0.29.0-4-gdea44cf6ec (webtiles) character file.

Game seed: 12450658359355850986

2114 qw the Cleaver (level 9, -3/78 HPs)
             Began as a Minotaur Fighter on Sept 8, 2022.
             Was an Initiate of Ru.
             Slain by a yak (4 damage)
             ... on level 10 of the Dungeon.
             The game lasted 00:02:34 (5896 turns).

qw the Cleaver (Minotaur Fighter)                   Turns: 5896, Time: 00:02:34

Health: -3/78      AC: 15    Str: 25    XL:     9   Next: 8%
Magic:  8/8        EV:  7    Int:  5    God:    Ru [......]
Gold:   541        SH:  9    Dex: 10    Spells: 8/8 levels left

rFire   + . .      SeeInvis .   o - +0 broad axe
rCold   + . .      Faith    .   e - +0 kite shield
rNeg    . . .      Spirit   .   l - +2 chain mail {rPois}
rPois   +          Reflect  .   (helmet restricted)
rElec   .          Harm     .   b - scarf {rC+ rF+}
rCorr   .          Rampage  .   (no gloves)
Will    .....                   n - +2 pair of boots
Stlth   ..........              (no amulet)
HPRegen 0.23/turn               (no ring)
MPRegen 0.11/turn               (no ring)

@: about to teleport
A: horns 2, retaliatory headbutt
a: Renounce Religion


You were on level 10 of the Dungeon.
You worshipped Ru.
Ru was noncommittal.
You visited 2 branches of the dungeon, and saw 9 of its levels.

You collected 541 gold pieces.


Innate Abilities, Weirdness & Mutations

You have a pair of horns on your head.
You reflexively headbutt those who attack you in melee.


   Skills:
 - Level 6.5 Fighting
 - Level 10.1 Axes
 - Level 7.1 Armour
 + Level 1.0 Dodging
 - Level 7.2 Shields


You had 8 spell levels left.
You didn't know any spells.
Your spell library was empty.

Inventory:

Hand Weapons
 m - a +2 flail of draining
 o - a +0 broad axe (weapon)
Armour
 a - the +1 pair of gloves of the Evening {Harm rElec rC+ Int-5}
   (You acquired it on level 1 of the Dungeon)

   Int:       It affects your intelligence (-5).
   rC:        It protects you from cold.
   rElec:     It insulates you from electricity.
   Harm:      It increases damage dealt and taken.
 b - a scarf of resistance (worn)
 c - a +0 plate armour
 e - a +0 kite shield (worn)
 h - a +0 cloak
 l - a +2 chain mail of poison resistance (worn)
 n - a +2 pair of boots (worn)
Scrolls
 g - 7 scrolls of identify
 j - a scroll of noise {unknown}
 k - a scroll of teleportation
Potions
 d - a potion of might
 f - 2 potions of mutation
 i - 3 potions of curing

Dungeon Overview and Level Annotations

Branches:
Dungeon (7/15)             Temple (1/1) D:5

Altars:
Ashenzari
Gozag
Makhleb
Nemelex Xobeh
Okawaru
Ru
Sif Muna
Trog
Uskayaw
Vehumet
Wu Jian
Xom

Annotations:
D:6 2 transporters
D:7 2 runed translucent doors


Message History

The yak is severely wounded.
You barely miss the yak. The yak barely misses you. You furiously retaliate!
You headbutt the yak! The yak gores you but does no damage.
You slash the yak!
You kill the yak!
You closely miss the yak. The yak gores you!
Your Fighting skill increases to level 6!
You barely miss the yak.
The yak is lightly wounded.
The yak gores you!
You completely miss the yak.
The yak is lightly wounded.
You block the yak's attack.
The two-headed ogre hits you but does no damage.
The two-headed ogre hits you with a +0 giant spiked club!
The yak gores you!
You slash the yak! Your headbutt misses the yak.
The yak is heavily wounded.
You closely miss the two-headed ogre. The yak gores you!
You hit the yak. You headbutt the yak!
The yak is almost dead.
You hit the two-headed ogre but do no damage.
The two-headed ogre closely misses you. You furiously retaliate!
You headbutt the two-headed ogre!
The two-headed ogre hits you with a +0 giant spiked club!!
You block the yak's attack.
5895 ||| READING 2 scrolls of teleportation.
As you read the scroll of teleportation, it crumbles to dust.
You feel strangely unstable.
The two-headed ogre hits you but does no damage.
The two-headed ogre hits you with a +0 giant spiked club.
The yak gores you but does no damage.
You hit the yak but do no damage.
The yak is almost dead.
You hit the two-headed ogre. The yak gores you.
You die...

...................
#................
#................
#................
#................
#######................
.......................
...............%Y......
...............@O...>..
.................[.....
................?......
..........##########...
########..# .. ...# .
..#


You could see a two-headed ogre and a yak.

Vanquished Creatures
  Pikel (D:6)
  Maggie (D:7)
  Sigmund (D:2)
  2 yaks (D:10)
  An ogre (D:4)
  3 orc warriors
  2 lemures (D:6)
  A kobold brigand (D:5)
  A gnoll bouda (D:5)
  A hound (D:4)
  A jelly (D:5)
  An orc priest (D:6)
  An iguana (D:4)
  3 orc wizards
  7 gnolls
  5 adders
  4 white imps
  An ufetubus (D:5)
  2 worms
  2 dart slugs (D:1)
  30 orcs
  3 bats
  10 endoplasms
  7 giant cockroaches
  9 goblins
  10 hobgoblins
  2 jackals (D:3)
  8 kobolds
  4 quokkas (D:3)
  11 ball pythons
  3 frilled lizards
  8 rats
146 creatures vanquished.

Vanquished Creatures (others)
  An orc wizard (D:5)
1 creature vanquished.

Grand Total: 147 creatures vanquished

Notes
Turn   | Place    | Note
-------+----------+-------------------------------------------
     0 | D:1      | qw the Minotaur Fighter began the quest for the Orb.
     0 | D:1      | Reached XP level 1. HP: 19/19 MP: 0/0
     0 | D:1      | 0 ||| qw: Version: 0.1-a-112-g44dc6cd
     0 | D:1      | 0 ||| qw: Game counter: 6785
     0 | D:1      | 0 ||| qw: Always use a shield: true
     0 | D:1      | 0 ||| qw: God list: Ru
     0 | D:1      | 0 ||| qw: Allow faded altars: false
     0 | D:1      | 0 ||| qw: Do Orc after D:15 true
     0 | D:1      | 0 ||| qw: Do second Lair branch before Depths: true
     0 | D:1      | 0 ||| qw: Lair rune preference: random
     0 | D:1      | 0 ||| qw: Plans: Normal
     0 | D:1      | 0 ||| PLANNING D:1-11
   103 | D:1      | 103 ||| Stepping ~*~*~tactically~*~*~ (stealth).
   108 | D:1      | Reached skill level 3 in Axes
   114 | D:1      | 114 ||| Stepping ~*~*~tactically~*~*~ (stealth).
   116 | D:1      | 116 ||| Stepping ~*~*~tactically~*~*~ (hiding).
   126 | D:1      | Reached XP level 2. HP: 26/26 MP: 1/1
   144 | D:1      | 144 ||| Stepping ~*~*~tactically~*~*~ (stealth).
   153 | D:1      | 153 ||| Stepping ~*~*~tactically~*~*~ (stealth).
   154 | D:1      | 154 ||| Stepping ~*~*~tactically~*~*~ (stealth).
   161 | D:1      | 161 ||| Stepping ~*~*~tactically~*~*~ (stealth).
   163 | D:1      | 163 ||| Stepping ~*~*~tactically~*~*~ (stealth).
   229 | D:1      | 229 ||| Stepping ~*~*~tactically~*~*~ (stealth).
   230 | D:1      | 230 ||| Stepping ~*~*~tactically~*~*~ (stealth).
   242 | D:1      | Reached skill level 4 in Axes
   249 | D:1      | 249 ||| Stepping ~*~*~tactically~*~*~ (stealth).
   250 | D:1      | 250 ||| Stepping ~*~*~tactically~*~*~ (stealth).
   255 | D:1      | 255 ||| Stepping ~*~*~tactically~*~*~ (stealth).
   289 | D:1      | 289 ||| Stepping ~*~*~tactically~*~*~ (stealth).
   290 | D:1      | 290 ||| Stepping ~*~*~tactically~*~*~ (stealth).
   304 | D:1      | 304 ||| Stepping ~*~*~tactically~*~*~ (stealth).
   305 | D:1      | 305 ||| Stepping ~*~*~tactically~*~*~ (stealth).
   307 | D:1      | Reached XP level 3. HP: 29/31 MP: 2/2
   752 | D:1      | 752 ||| UPGRADING to +0 cloak.
   757 | D:1      | 757 ||| READING scroll labelled LAROCV HEPI.
   757 | D:1      | Identified a scroll of acquirement
   757 | D:1      | 757 ||| ACQUIRING +1 pair of gloves of the Evening {Harm
                  | rElec rC+ Int-5}
   757 | D:1      | Acquired the +1 pair of gloves of the Evening {Harm rElec
                  | rC+ Int-5}
   759 | D:1      | 759 ||| READING scroll labelled HUITRA VUUHUETI.
   760 | D:1      | 760 ||| READING scroll labelled JIFYIT FOAK.
   818 | D:2      | 818 ||| Stepping ~*~*~tactically~*~*~ (stealth).
   921 | D:2      | 921 ||| Stepping ~*~*~tactically~*~*~ (stealth).
   924 | D:2      | Reached skill level 5 in Axes
   933 | D:2      | 933 ||| Stepping ~*~*~tactically~*~*~ (stealth).
   936 | D:2      | 936 ||| Stepping ~*~*~tactically~*~*~ (stealth).
   938 | D:2      | 938 ||| Stepping ~*~*~tactically~*~*~ (stealth).
   939 | D:2      | 939 ||| Stepping ~*~*~tactically~*~*~ (stealth).
  1025 | D:2      | Reached skill level 1 in Dodging
  1061 | D:2      | Noticed Sigmund
  1062 | D:2      | 1062 ||| Stepping ~*~*~tactically~*~*~ (hiding).
  1076 | D:2      | Killed Sigmund
  1077 | D:2      | Reached skill level 7 in Axes
  1077 | D:2      | Reached XP level 4. HP: 29/39 MP: 3/3
  1077 | D:2      | Reached XP level 5. HP: 34/45 MP: 4/4
  1247 | D:2      | Found an iron altar of Okawaru.
  1380 | D:2      | Found a faded altar of an unknown god.
  1858 | D:2      | 1858 ||| DROPPING orb of wrath.
  1859 | D:2      | 1859 ||| UPGRADING to +0 pair of boots.
  1864 | D:2      | 1864 ||| READING scroll labelled PEWUXUT MEASHI.
  1865 | D:2      | 1865 ||| READING scroll labelled BOENICR RUQA.
  1973 | D:3      | 1973 ||| Stepping ~*~*~tactically~*~*~ (stealth).
  2024 | D:3      | 2024 ||| DROPPING +0 club.
  2210 | D:3      | Found a radiant altar of Vehumet.
  2211 | D:3      | Found a shimmering blue altar of Sif Muna.
  2228 | D:3      | 2228 ||| Stepping ~*~*~tactically~*~*~ (stealth).
  2229 | D:3      | 2229 ||| Stepping ~*~*~tactically~*~*~ (stealth).
  2230 | D:3      | 2230 ||| Stepping ~*~*~tactically~*~*~ (stealth).
  2235 | D:3      | 2235 ||| Stepping ~*~*~tactically~*~*~ (stealth).
  2292 | D:3      | Reached XP level 6. HP: 52/52 MP: 5/5
  2426 | D:3      | 2426 ||| UPGRADING to +0 chain mail.
  2436 | D:3      | 2436 ||| DROPPING +0 scale mail.
  2437 | D:3      | 2437 ||| READING scroll labelled TIOH EHUGIOQAV.
  2438 | D:3      | 2438 ||| READING scroll labelled LAISAU OBBOM.
  2439 | D:3      | 2439 ||| READING scroll labelled FUIPSI PILAXKOSHRO.
  2440 | D:3      | 2440 ||| READING scroll labelled PEYB BANODGHIN.
  2441 | D:3      | 2441 ||| READING scroll labelled AQUWKI BUNUSAC.
  2442 | D:3      | 2442 ||| DRINKING 2 green potions.
  2443 | D:3      | 2443 ||| READING 2 scrolls of identify.
  2443 | D:3      | 2443 ||| IDENTIFYING fizzy inky potion
  2444 | D:3      | 2444 ||| READING scroll of teleportation.
  2449 | D:3      | 2449 ||| Stepping randomly (stuck).
  2450 | D:3      | 2450 ||| Stepping ~*~*~tactically~*~*~ (cloud).
  2840 | D:4      | 2840 ||| DROPPING +1 whip of venom.
  2962 | D:4      | Reached skill level 8 in Axes
  3056 | D:4      | 3056 ||| Stepping ~*~*~tactically~*~*~ (stealth).
  3468 | D:4      | 3468 ||| READING scroll labelled HECZUE YNLOENG.
  3469 | D:4      | 3469 ||| READING scroll labelled VAICEU UF CIJY.
  3470 | D:4      | 3470 ||| READING 3 scrolls of identify.
  3470 | D:4      | 3470 ||| IDENTIFYING sapphire potion
  3471 | D:4      | 3471 ||| READING 2 scrolls of identify.
  3471 | D:4      | 3471 ||| IDENTIFYING cyan potion
  3472 | D:4      | 3472 ||| DROPPING potion of berserk rage.
  3473 | D:4      | 3473 ||| DROPPING potion of degeneration.
  3506 | D:3      | Found an ornate altar of the Wu Jian Council.
  3506 | D:3      | Found a shimmering altar of Xom.
  3509 | D:3      | Found an iron altar of Okawaru.
  3535 | D:5      | Entered Level 5 of the Dungeon
  3567 | D:5      | 3567 ||| Stepping ~*~*~tactically~*~*~ (stealth).
  3573 | D:5      | 3573 ||| Stepping ~*~*~tactically~*~*~ (stealth).
  3634 | D:5      | 3634 ||| Stepping ~*~*~tactically~*~*~ (hiding).
  3645 | D:5      | HP: 9/52 [gnoll/+0 halberd[a gnoll bouda] (11)]
  3646 | D:5      | 3646 ||| DRINKING potion of heal wounds.
  3647 | D:5      | Reached skill level 9 in Axes
  3647 | D:5      | Reached XP level 7. HP: 22/59 MP: 6/6
  3929 | D:5      | Found a staircase to the Ecumenical Temple.
  3930 | D:5      | 3930 ||| PLANNING TEMPLE
  3930 | D:5      | 3930 ||| UPGRADING to +0 kite shield.
  3940 | D:5      | 3940 ||| DROPPING +0 buckler.
  3941 | D:5      | 3941 ||| DROPPING amulet of faith.
  3948 | Temple   | Entered the Ecumenical Temple
  3981 | Temple   | Became a worshipper of Ru the Awakened
  3986 | Temple   | 3986 ||| PLANNING D:1-11
  4096 | D:5      | 4096 ||| Stepping ~*~*~tactically~*~*~ (stealth).
  4097 | D:5      | 4097 ||| Stepping ~*~*~tactically~*~*~ (stealth).
  4098 | D:5      | 4098 ||| Stepping ~*~*~tactically~*~*~ (stealth).
  4100 | D:5      | 4100 ||| Stepping ~*~*~tactically~*~*~ (stealth).
  4109 | D:5      | Found Woteph's Antique Armour Emporium.
  4574 | D:5      | 4574 ||| UPGRADING to scarf of resistance.
  4584 | D:5      | 4584 ||| UPGRADING to +0 plate armour.
  4594 | D:5      | 4594 ||| DROPPING +0 chain mail.
  4771 | D:6      | 4771 ||| Stepping ~*~*~tactically~*~*~ (hiding).
  4773 | D:6      | 4773 ||| Stepping ~*~*~tactically~*~*~ (stealth).
  4774 | D:6      | 4774 ||| Stepping ~*~*~tactically~*~*~ (stealth).
  4776 | D:6      | Noticed Pikel
  4791 | D:6      | Reached skill level 6 in Shields
  4791 | D:6      | Killed Pikel
  4792 | D:6      | Reached XP level 8. HP: 31/66 MP: 7/7
  4794 | D:6      | 4794 ||| FLEEEEING.
  4795 | D:6      | 4795 ||| FLEEEEING.
  4796 | D:6      | 4796 ||| FLEEEEING.
  4797 | D:6      | 4797 ||| FLEEEEING.
  4798 | D:6      | 4798 ||| FLEEEEING.
  4799 | D:6      | 4799 ||| FLEEEEING.
  4800 | D:6      | 4800 ||| FLEEEEING.
  4801 | D:6      | 4801 ||| FLEEEEING.
  4802 | D:6      | 4802 ||| FLEEEEING.
  4803 | D:6      | 4803 ||| FLEEEEING.
  4811 | D:6      | 4811 ||| STAIRDANCE
  4959 | D:6      | 4959 ||| STAIRDANCE
  4974 | D:5      | 4974 ||| READING scroll of enchant armour.
  4974 | D:5      | 4974 ||| ENCHANTING +0 pair of boots.
  5016 | D:6      | Found a broken altar of Ashenzari.
  5060 | D:6      | Found a transporter.
  5063 | D:6      | Noticed a kobold demonologist
  5064 | D:6      | Noticed a kobold demonologist
  5075 | D:6      | Found a transporter.
  5099 | D:6      | 5099 ||| UPGRADING to +2 chain mail of poison resistance.
  5169 | D:6      | 5169 ||| Stepping ~*~*~tactically~*~*~ (hiding).
  5170 | D:6      | 5170 ||| Stepping ~*~*~tactically~*~*~ (hiding).
  5207 | D:6      | 5207 ||| Stepping ~*~*~tactically~*~*~ (stealth).
  5329 | D:6      | 5329 ||| READING 7 scrolls of identify.
  5329 | D:6      | 5329 ||| IDENTIFYING grey potion
  5330 | D:6      | 5330 ||| DROPPING potion of attraction.
  5336 | D:7      | 5336 ||| STAIRDANCE
  5350 | D:7      | 5350 ||| STAIRDANCE
  5520 | D:7      | 5520 ||| DROPPING +0 flail.
  5537 | D:7      | 5537 ||| READING scroll of enchant armour.
  5537 | D:7      | 5537 ||| ENCHANTING +1 pair of boots.
  5546 | D:7      | 5546 ||| Stepping ~*~*~tactically~*~*~ (hiding).
  5604 | D:7      | Found a large runed translucent door.
  5604 | D:7      | Found a large runed translucent door.
  5627 | D:7      | Noticed Maggie
  5643 | D:7      | Killed Maggie
  5644 | D:7      | Reached skill level 10 in Axes
  5752 | D:7      | 5752 ||| SWAPPING to +0 broad axe.
  5753 | D:7      | 5753 ||| DROPPING +1 war axe of chaos.
  5778 | D:7      | You fall into a shaft and drop 3 floors!
  5778 | D:10     | Entered Level 10 of the Dungeon
  5789 | D:10     | 5789 ||| INVOKING Reject Sacrifices.
  5806 | D:10     | Reached XP level 9. HP: 58/75 MP: 8/8
  5887 | D:10     | Noticed a two-headed ogre
  5891 | D:10     | Reached skill level 6 in Fighting
  5894 | D:10     | HP: 5/78 [two-headed ogre/+0 giant spiked club (22)]
  5895 | D:10     | 5895 ||| READING 2 scrolls of teleportation.
  5895 | D:10     | HP: 1/78 [two-headed ogre/+0 giant spiked club (4)]
  5896 | D:10     | Slain by a yak

Levels and vault maps discovered:
D:1:      heliophobic_arrival_enchanted_forest, layout_loops_ring, minivault_14,
          st_stairs_8, minmay_ruptured
D:2:      layout_loops_corners, hellmonk_ecumenical_altar_pennies_from_heaven,
          basic_altar, minivault_19, minmay_strange_pillars,
          minmay_misc_feat_ornament, uniq_sigmund
D:3:      layout_basic, nicolae_overflow_hidden_temple
D:4:      layout_cave_pools
D:5:      layout_loops_ring, minmay_temple_entry_mist, serial_shops,
          nicolae_diamond_shop, grunt_decor_cap
D:6:      gammafunk_wand_slinger, layout_basic, mainiacjoe_overflow_alcove_4,
          uniq_pikel
D:7:      layout_gridville, nicolae_qazlal_general_emergency,
          minmay_hollow_rounded_squares, uniq_maggie, uniq_menkaure
D:10:     layout_long_grid, minmay_statues_item, minivault_5
Temple:   oiseaux_autumnal_temple

Skill      XL: |  1  2  3  4  5  6  7  8  9 |
---------------+----------------------------+-----
Axes           | 3 4 7 9 10 | 10.1
Dodging        | 1 |  1.0
Fighting       | 4 5 6 |  6.5
Shields        | 6 7 |  7.2
Armour         | 7 |  7.1

Action                   |  1- 3 |  4- 6 |  7- 9 || total
-------------------------+-------+-------+-------++-------
Melee: War axe           |    96 |    94 |   136 ||   326
       Headbutt          |    12 |    15 |    20 ||    47
       Broad axe         |       |       |    17 ||    17
Invok: Reject Sacrifices |       |       |     1 ||     1
  Use: Scroll            |     3 |    13 |     4 ||    20
       Potion            |       |     2 |       ||     2
Armor: Scale mail        |    31 |    17 |       ||    48
       Chain mail        |       |    22 |    39 ||    61
       Plate armour      |       |       |    31 ||    31
Dodge: Dodged            |    27 |    29 |    30 ||    86
Block: Buckler           |    13 |    13 |     2 ||    28
       Kite shield       |       |       |    58 ||    58

Table legend:
 A = Non-vault XP
 B = Vault XP
 C = Vault XP percentage of total XP
 D = Non-vault monster count
 E = Vault monster count
 F = Vault count percentage of total count
                 A         B        C        D         E       F
            +---------+---------+-------+---------+---------+-------
      Total |    1771 |    1250 |  41.4 |     138 |       7 |   4.8
            +---------+---------+-------+---------+---------+-------
        D:1 |      51 |       9 |  15.0 |      29 |       4 |  12.1
        D:2 |      45 |     223 |  83.2 |      19 |       1 |   5.0
        D:3 |      62 |       0 |   0.0 |      28 |       0 |   0.0
        D:4 |     277 |       0 |   0.0 |      14 |       0 |   0.0
        D:5 |     498 |       0 |   0.0 |      22 |       0 |   0.0
        D:6 |     286 |     629 |  68.7 |      19 |       1 |   5.0
        D:7 |     148 |     389 |  72.4 |       5 |       1 |  16.7
       D:10 |     404 |       0 |   0.0 |       2 |       0 |   0.0
            +---------+---------+-------+---------+---------+-------
